 Dungeon Crawl Stone Soup version 0.21.0-3-g78d12a8 (webtiles) character file.

5523 sankara the Martial Artist (level 10, -1/76 HPs)
             Began as a Gnoll Transmuter on Jan 15, 2018.
             Was a High Priest of Okawaru.
             Slain by a warg (12 damage)
             ... on level 9 of the Dungeon.
             The game lasted 00:35:45 (7260 turns).

sankara the Martial Artist (Gnoll Transmuter)       Turns: 7260, Time: 00:35:45

Health: -1/76      AC:  2    Str: 12    XL:     10   Next: 70%
Magic:  0/21       EV: 28    Int: 16    God:    Okawaru [*****.]
Gold:   294        SH:  0    Dex: 24    Spells: 3/24 levels left

rFire    + . .     SeeInvis .     - Unarmed
rCold    . . .     Gourm    .   (shield currently unavailable)
rNeg     . . .     Faith    .   (armour currently unavailable)
rPois    x         Spirit   +   (helmet currently unavailable)
rElec    .         Reflect  .   (cloak currently unavailable)
rCorr    +         Harm     .   (gloves currently unavailable)
MR       .....                  (boots currently unavailable)
Stlth    ++++......             w - amulet of guardian spirit
HPRegen  0.22/turn              h - ring of resist corrosion
MPRegen  0.17/turn              q - ring of protection from fire

@: spider-form
A: tiny, distributed training, strong nose
a: End Transformation, Heroism, Finesse, Renounce Religion


You were on level 9 of the Dungeon.
You worshipped Okawaru.
Okawaru was extremely pleased with you.
You were not hungry.
You were a venomous arachnid creature.
You visited 1 branch of the dungeon, and saw 9 of its levels.

You collected 429 gold pieces.
You spent 135 gold pieces at shops.

Inventory:

Hand Weapons
 m - a +0 morningstar
Missiles
 a - 200 arrows
Armour
 b - a +0 robe (melded)
 t - a +0 pair of boots (melded)
 B - the cursed +1 scale mail of the Eight Realms {Regen+}
   (You found it on level 4 of the Dungeon)

   It increases your rate of regeneration.
   It has a curse placed upon it.
 G - a scarf of repulsion (melded)
 J - a +0 hat of intelligence (melded)
Jewellery
 h - a ring of resist corrosion (left front leg)
 q - a ring of protection from fire (right front leg)
 w - an amulet of guardian spirit (around neck)
Wands
 r - a wand of flame (19)
 v - a wand of clouds (5)
Scrolls
 i - 3 scrolls of fear {unknown}
 j - 5 scrolls of identify
 n - 9 scrolls of teleportation
 p - 8 scrolls of remove curse
 s - 2 scrolls of magic mapping {unknown}
 u - 2 scrolls of enchant armour {unknown}
 y - 4 scrolls of fog {unknown}
 A - a scroll of noise {unknown}
 C - a scroll of amnesia {unknown}
 D - a scroll of immolation {unknown}
 F - a scroll of blinking
Potions
 e - 2 potions of curing {unknown}
 f - 3 potions of might {unknown}
 g - 2 potions of heal wounds {unknown}
 l - 6 potions of haste {unknown}
 o - 5 potions of agility
 x - 4 potions of degeneration {unknown}
 z - a potion of mutation {unknown}
 E - 2 potions of berserk rage {unknown}
Books
 c - a book of Changes

   Spells                             Type                      Level
   a - Beastly Appendage              Transmutation                1
   b - Sticks to Snakes               Transmutation                2
   c - Spider Form                    Transmutation/Poison         3
   d - Ice Form                       Ice/Transmutation            4
   e - Blade Hands                    Transmutation                5
 H - a book of Necromancy

   Spells                             Type                      Level
   a - Pain                           Necromancy                   1
   b - Animate Skeleton               Necromancy                   1
   c - Vampiric Draining              Necromancy                   3
   d - Regeneration                   Charms/Necromancy            3
   e - Animate Dead                   Necromancy                   4
   f - Borgnjor's Vile Clutch         Necromancy/Earth             5
 I - a book of Callings

   Spells                             Type                      Level
   a - Summon Small Mammal            Summoning                    1
   b - Call Imp                       Summoning                    2
   c - Call Canine Familiar           Summoning                    3
   d - Summon Guardian Golem          Hexes/Summoning              3
   e - Summon Lightning Spire         Summoning/Air                4
   f - Summon Ice Beast               Ice/Summoning                4
Comestibles
 d - 8 rations
 k - 3 chunks of flesh


   Skills:
 + Level 6.1 Fighting
 + Level 5.4 Short Blades
 + Level 5.4 Long Blades
 + Level 5.4 Axes
 + Level 5.4 Maces & Flails
 + Level 5.4 Polearms
 + Level 5.4 Staves
 + Level 5.4 Slings
 + Level 5.4 Bows
 + Level 5.4 Crossbows
 + Level 5.4 Throwing
 + Level 5.4 Armour
 + Level 7.2 Dodging
 + Level 5.4 Stealth
 + Level 5.4 Shields
 + Level 8.6 Unarmed Combat
 + Level 7.5 Spellcasting
 + Level 4.5 Conjurations
 + Level 4.5 Hexes
 + Level 4.5 Charms
 + Level 4.5 Summonings
 + Level 4.5 Necromancy
 + Level 4.5 Translocations
 + Level 6.0 Transmutations
 + Level 4.5 Fire Magic
 + Level 4.5 Ice Magic
 + Level 4.5 Air Magic
 + Level 4.5 Earth Magic
 + Level 4.5 Poison Magic
 + Level 6.0 Invocations
 + Level 5.4 Evocations


You had 3 spell levels left.
You knew the following spells:

 Your Spells              Type           Power        Failure   Level  Hunger
a - Beastly Appendage     Tmut           ####..       5%          1    None
b - Sticks to Snakes      Tmut           ####....     7%          2    None
c - Spider Form           Tmut/Pois      ###.......   13%         3    ##.....
d - Ice Form              Ice/Tmut       ###.....     32%         4    ####...
e - Blade Hands           Tmut           ####......   50%         5    #####..
f - Regeneration          Chrm/Necr      ###.......   16%         3    ##.....
g - Vampiric Draining     Necr           ###.......   16%         3    ##.....


Dungeon Overview and Level Annotations

Branches:
Dungeon (9/15)             Temple (0/1) D:4
   Lair: D:8-11         Orc: D:9-12

Altars:
Ashenzari
Elyvilon
Gozag
Hepliaklqana
Kikubaaqudgha
Makhleb
Nemelex Xobeh
Okawaru
Qazlal
Ru
Trog
Vehumet
Yredelemnul
The Shining One

Shops:
D:4 ?*   D:5 (


Innate Abilities, Weirdness & Mutations

Your experience applies equally to all skills.
((You have very sharp teeth.))
Your uncanny sense of smell can sniff out nearby items.


Message History

Your +0 hat of intelligence melds into your body.
Your +0 pair of boots melds into your body.
Your +0 robe melds into your body.
The haze of the repulsion field disappears.
You feel stupid. The warg bites you!
* * * LOW HITPOINT WARNING * * *
You are too injured to fight recklessly!
You are too injured to fight recklessly!
You hit the warg but do no damage.
The warg is almost dead.
The warg completely misses you. The warg closely misses you.
You hit the warg but do no damage.
The warg is severely wounded.
The warg barely misses you. The warg completely misses you. The warg bites you!
* * * LOW HITPOINT WARNING * * *
The warg completely misses you.
There is an open door here.
The warg bites you!
You die...

...######### #...#
...........###...#
.................#######
.......................#
.......................#
....#######............#
....# #..#####.....#
.#### #..#...#.....# .#
#..#..shh....# .#
#..#...#h.#### .#
#..#...#..# .#
#..#..>#..# .#
#..#####..# .#
#.........### .#
#...........# .#
#######...........# ...
.......h..?.......#


You could see 3 wargs.

Vanquished Creatures
  Gastronok (D:8)
  2 two-headed ogres
  Sigmund (D:4)
  A hungry ghost (D:9)
  An orc warrior (D:7)
  3 phantoms
  An ice beast (D:5)
  3 ogres (D:8)
  A centaur (D:7)
  A crocodile (D:7)
  4 bullfrogs
  A wyvern skeleton (D:7)
  2 scorpions
  A howler monkey (D:3)
  4 crimson imps
  2 bullfrog zombies (D:5)
  2 bullfrog skeletons
  A centaur zombie (D:8)
  3 orc priests
  4 hounds
  4 orc wizards
  A centaur skeleton (D:5)
  An iguana (D:7)
  Ijyb (D:3)
  Terence (D:3)
  8 worker ants
  A killer bee zombie (D:5)
  A hound skeleton (D:6)
  4 gnolls
  7 adders
  An adder zombie (D:6)
  2 adder skeletons
  A dart slug (D:1)
  7 leopard geckos
  16 orcs
  7 ball pythons
  4 giant cockroaches
  5 goblins
  3 hobgoblins
  4 jackals (D:1)
  2 quokkas
  2 bats
  5 frilled lizards
  7 kobolds
  A leopard gecko zombie (D:4)
  8 rats
143 creatures vanquished.

Notes
Turn   | Place    | Note
-------+----------+-------------------------------------------
     0 | D:1      | sankara the Gnoll Transmuter began the quest for the Orb.
     0 | D:1      | Reached XP level 1. HP: 17/17 MP: 6/6
   297 | D:1      | Reached XP level 2. HP: 23/23 MP: 5/7
   911 | D:1      | Reached XP level 3. HP: 24/28 MP: 7/9
   926 | D:1      | Learned a level 2 spell: Sticks to Snakes
   930 | D:1      | Learned a level 3 spell: Spider Form
  1014 | D:2      | Reached skill level 5 in Spellcasting
  1606 | D:2      | Reached skill level 1 in Invocations
  1634 | D:2      | Found a bloodstained altar of Trog.
  1646 | D:2      | Found a hazy altar of Hepliaklqana.
  1650 | D:2      | Found a shattered altar of Ashenzari.
  1650 | D:2      | Found an iron altar of Okawaru.
  1784 | D:2      | Became a worshipper of Warmaster Okawaru
  1815 | D:3      | Noticed Ijyb
  1831 | D:3      | Killed Ijyb
  1831 | D:3      | Reached skill level 1 in Short Blades
  1831 | D:3      | Reached skill level 1 in Long Blades
  1831 | D:3      | Reached skill level 1 in Axes
  1831 | D:3      | Reached skill level 1 in Maces & Flails
  1831 | D:3      | Reached skill level 1 in Polearms
  1831 | D:3      | Reached skill level 1 in Staves
  1831 | D:3      | Reached skill level 1 in Slings
  1831 | D:3      | Reached skill level 1 in Bows
  1831 | D:3      | Reached skill level 1 in Crossbows
  1831 | D:3      | Reached skill level 1 in Throwing
  1831 | D:3      | Reached skill level 1 in Armour
  1831 | D:3      | Reached skill level 1 in Stealth
  1831 | D:3      | Reached skill level 1 in Shields
  1831 | D:3      | Reached skill level 1 in Evocations
  1831 | D:3      | Reached XP level 4. HP: 29/34 MP: 11/11
  1878 | D:3      | Learned a level 4 spell: Ice Form
  1893 | D:3      | Found a radiant altar of Vehumet.
  1965 | D:3      | Found a faded altar of an unknown god.
  2137 | D:3      | Reached skill level 1 in Conjurations
  2137 | D:3      | Reached skill level 1 in Hexes
  2137 | D:3      | Reached skill level 1 in Charms
  2137 | D:3      | Reached skill level 1 in Summonings
  2137 | D:3      | Reached skill level 1 in Necromancy
  2137 | D:3      | Reached skill level 1 in Translocations
  2137 | D:3      | Reached skill level 1 in Fire Magic
  2137 | D:3      | Reached skill level 1 in Ice Magic
  2137 | D:3      | Reached skill level 1 in Air Magic
  2137 | D:3      | Reached skill level 1 in Earth Magic
  2137 | D:3      | Reached skill level 1 in Poison Magic
  2137 | D:3      | Reached XP level 5. HP: 40/40 MP: 8/12
  2150 | D:3      | Noticed Terence
  2160 | D:3      | Killed Terence
  2310 | D:3      | Found a burning altar of Makhleb.
  2454 | D:4      | Found Yhofopox's Magic Scroll Shop.
  2472 | D:4      | Bought a scroll of remove curse for 30 gold pieces
  2472 | D:4      | Bought a scroll of teleportation for 30 gold pieces
  2474 | D:4      | Found an opulent altar of Gozag.
  2505 | D:4      | Noticed a phantom
  2525 | D:4      | Killed a phantom
  2525 | D:4      | Reached XP level 6. HP: 31/47 MP: 8/13
  2540 | D:4      | Reached * piety under Okawaru
  2550 | D:4      | Reached skill level 5 in Dodging
  2755 | D:4      | Found a stormy altar of Qazlal.
  2772 | D:4      | Found Xuaryk's Elemental Accessories.
  2777 | D:4      | Noticed Sigmund
  2835 | D:4      | Killed Sigmund
  2835 | D:4      | Reached skill level 7 in Unarmed Combat
  2835 | D:4      | Reached XP level 7. HP: 42/52 MP: 9/15
  2848 | D:4      | Found a staircase to the Ecumenical Temple.
  2989 | D:4      | Got a crude scale mail
  2990 | D:4      | Identified the cursed +1 scale mail of the Eight Realms {Regen+} (You found it on level 4 of the Dungeon)
  3081 | D:5      | Entered Level 5 of the Dungeon
  3394 | D:5      | Reached ** piety under Okawaru
  3421 | D:5      | Learned a level 5 spell: Blade Hands
  3518 | D:5      | Reached XP level 8. HP: 34/60 MP: 6/16
  3916 | D:5      | Found Ceumomn's Antique Weapon Shoppe.
  3934 | D:5      | Found a sacrificial altar of Ru.
  4684 | D:6      | Found an ancient bone altar of Kikubaaqudgha.
  4895 | D:4      | Bought a scroll of blinking for 75 gold pieces
  5077 | D:7      | Found a white marble altar of Elyvilon.
  5187 | D:7      | Reached *** piety under Okawaru
  5204 | D:7      | Learned a level 3 spell: Regeneration
  5288 | D:7      | Reached XP level 9. HP: 60/66 MP: 14/18
  5403 | D:7      | Reached skill level 5 in Transmutations
  5896 | D:8      | Noticed a two-headed ogre
  5906 | D:8      | Killed a two-headed ogre
  5906 | D:8      | Reached **** piety under Okawaru
  5906 | D:8      | Reached skill level 5 in Fighting
  5906 | D:8      | Reached skill level 8 in Unarmed Combat
  6192 | D:8      | Learned a level 3 spell: Vampiric Draining
  6257 | D:8      | Found a basalt altar of Yredelemnul.
  6286 | D:8      | Noticed Gastronok
  6309 | D:8      | Killed Gastronok
  6309 | D:8      | Reached ***** piety under Okawaru
  6309 | D:8      | Received a gift from Okawaru
  6309 | D:8      | Received a gift from Okawaru
  6309 | D:8      | Reached skill level 5 in Short Blades
  6309 | D:8      | Reached skill level 5 in Long Blades
  6309 | D:8      | Reached skill level 5 in Axes
  6309 | D:8      | Reached skill level 5 in Maces & Flails
  6309 | D:8      | Reached skill level 5 in Polearms
  6309 | D:8      | Reached skill level 5 in Staves
  6309 | D:8      | Reached skill level 5 in Slings
  6309 | D:8      | Reached skill level 5 in Bows
  6309 | D:8      | Reached skill level 5 in Crossbows
  6309 | D:8      | Reached skill level 5 in Throwing
  6309 | D:8      | Reached skill level 5 in Armour
  6309 | D:8      | Reached skill level 5 in Stealth
  6309 | D:8      | Reached skill level 5 in Shields
  6309 | D:8      | Reached skill level 5 in Invocations
  6309 | D:8      | Reached skill level 5 in Evocations
  6309 | D:8      | Reached XP level 10. HP: 34/76 MP: 5/20
  6501 | D:8      | Found a glowing golden altar of the Shining One.
  6730 | D:8      | Found a sparkling altar of Nemelex Xobeh.
  7103 | D:9      | Noticed a two-headed ogre
  7113 | D:9      | Killed a two-headed ogre
  7260 | D:9      | Slain by a warg

Skill      XL: |  1  2  3  4  5  6  7  8  9 10 |
---------------+-------------------------------+-----
Spellcasting   | 5 6 7 |  7.5
Invocations    | 1 2 3 4 5 6 |  6.0
Short Blades   | 1 2 3 5 |  5.4
Long Blades    | 1 2 3 5 |  5.4
Axes           | 1 2 3 5 |  5.4
Maces & Flails | 1 2 3 5 |  5.4
Polearms       | 1 2 3 5 |  5.4
Staves         | 1 2 3 5 |  5.4
Slings         | 1 2 3 5 |  5.4
Bows           | 1 2 3 5 |  5.4
Crossbows      | 1 2 3 5 |  5.4
Throwing       | 1 2 3 5 |  5.4
Armour         | 1 2 3 5 |  5.4
Stealth        | 1 2 3 5 |  5.4
Shields        | 1 2 3 5 |  5.4
Evocations     | 1 2 3 5 |  5.4
Conjurations   | 1 2 3 4 |  4.5
Hexes          | 1 2 3 4 |  4.5
Charms         | 1 2 3 4 |  4.5
Summonings     | 1 2 3 4 |  4.5
Necromancy     | 1 2 3 4 |  4.5
Translocations | 1 2 3 4 |  4.5
Fire Magic     | 1 2 3 4 |  4.5
Ice Magic      | 1 2 3 4 |  4.5
Air Magic      | 1 2 3 4 |  4.5
Earth Magic    | 1 2 3 4 |  4.5
Poison Magic   | 1 2 3 4 |  4.5
Fighting       | 3 4 5 6 |  6.1
Transmutations | 4 5 6 |  6.0
Dodging        | 5 6 7 |  7.2
Unarmed Combat | 7 8 |  8.6

Action                   |  1- 3 |  4- 6 |  7- 9 | 10-12 || total
-------------------------+-------+-------+-------+-------++-------
Melee: Unarmed           |    90 |    74 |   288 |    60 ||   512
       Kick              |    11 |       |       |       ||    11
       Punch             |     3 |     1 |     4 |     1 ||     9
       Bite              |     4 |     3 |    18 |     1 ||    26
       Headbutt          |     1 |       |    10 |       ||    11
 Cast: Beastly Appendage |    22 |     3 |     7 |     1 ||    33
       Spider Form       |     2 |    10 |    23 |     8 ||    43
       Blade Hands       |       |       |     1 |     1 ||     2
       Ice Form          |       |       |     1 |       ||     1
  Use: Scroll            |       |     1 |     2 |       ||     3
 Stab: Sleeping          |     1 |     3 |     6 |     3 ||    13
  Eat: Chunk             |     3 |     3 |    10 |     5 ||    21
       Ration            |       |       |     1 |       ||     1
Armor: Robe              |    14 |     6 |    17 |     2 ||    39
       Skin              |       |     2 |     5 |     1 ||     8
Dodge: Dodged            |    68 |    38 |   240 |    45 ||   391
